 Dungeon Crawl Stone Soup version 0.28-a0-1286-g6bde065e89 (webtiles) character file.

Game seed: 17004453187124556620

86 SkeletonJelly the Skirmisher (level 4, -3/40 HPs)
             Began as a Draconian Monk on Dec 26, 2021.
             Was a Priest of Kikubaaqudgha.
             Slain by an orc (11 damage)
             ... on level 2 of the Dungeon.
             The game lasted 00:02:59 (1484 turns).

SkeletonJelly the Skirmisher (Draconian Monk)       Turns: 1484, Time: 00:03:00

Health: -3/40      AC:  5    Str: 14    XL:     4   Next: 26%
Magic:  4/4        EV:  9    Int: 12    God:    Kikubaaqudgha [***...]
Gold:   94         SH:  0    Dex: 13    Spells: 2/3 levels left

rFire   . . .      SeeInvis .   d - +0 whip (elec)
rCold   . . .      Faith    .   (no shield)
rNeg    . . .      Spirit   .   (armour unavailable)
rPois   .          Reflect  .   (helmet restricted)
rElec   .          Harm     .   (no cloak)
rCorr   .          Rampage  .   (no gloves)
Will    .....                   (no boots)
Stlth   ++........              (no amulet)
HPRegen 0.13/turn               (no ring)
MPRegen 0.09/turn               (no ring)

@: constricted
A: AC +5, unfitting armour, cold-blooded
a: Renounce Religion, Receive Corpses


You were on level 2 of the Dungeon.
You worshipped Kikubaaqudgha.
Kikubaaqudgha was most pleased with you.
You visited 1 branch of the dungeon, and saw 3 of its levels.

You collected 94 gold pieces.

Inventory:

Hand Weapons
 a - a +0 falchion
 d - a +0 whip of electrocution (weapon)
Jewellery
 h - a ring of protection from fire
Scrolls
 b - a scroll of immolation {unknown}
 c - a scroll of vulnerability {unknown}
 e - a scroll of summoning {unknown}
 f - a scroll of silence {unknown}
 g - a scroll of identify {unknown}


   Skills:
 - Level 3.6 Fighting
 - Level 3.3 Long Blades
 * Level 3.2 Maces & Flails
 - Level 2.6 Dodging
 - Level 1.7 Stealth
 + Level 0.3 Necromancy


You had 2 spell levels left.
You knew the following spells:

 Your Spells              Type           Power      Damage    Failure   Level
a - Pain                  Necr           0%         1d4       28%         1

Your spell library contained the following spells:

 Spells                   Type           Power      Damage    Failure   Level
 Sublimation of Blood     Necr           0%         N/A       41%         2
 Corpse Rot               Necr/Air       0%         N/A       43%         2
 Vampiric Draining        Necr           0%         2d6       65%         3
 Dispel Undead            Necr           0%         3d6       96%         4
 Borgnjor's Vile Clutch   Necr/Erth      0%         N/A       100%        5
 Excruciating Wounds      Necr           0%         N/A       100%        5
 Death Channel            Necr           0%         N/A       100%        6
 Simulacrum               Ice/Necr       0%         N/A       100%        6


Dungeon Overview and Level Annotations

Branches:
Dungeon (3/15)

Altars:
Kikubaaqudgha


Innate Abilities, Weirdness & Mutations

Your plain brown scales are hard. (AC +5)
You cannot fit into any form of body armour.
You are cold-blooded and may be slowed by cold attacks.


Message History

Found 4 javelins.
Found a stone staircase leading down.
There is a stone staircase leading up here.
There are monsters nearby!
There are monsters nearby!
There are monsters nearby!
There are monsters nearby!
The orc shouts!
The orc wizard shouts!
The orc shouts!
The ball python hisses angrily.
You miscast Pain.
You are very lightly contaminated with residual magic.
Nothing appears to happen.
You now have 3/4 mp.
The orc resists with some effort.
You take 1 damage, and have 39/40 hp.
You now have 2/4 mp.
You miscast Pain.
Nothing appears to happen.
You now have 1/4 mp.
There is a stone staircase leading up here.
The orc hits you with a +0 flail.
You climb upwards.
There is a stone staircase leading down here.
You take 1 damage, and have 38/40 hp.
You hit the orc but do no damage. The orc misses you.
You hit the orc but do no damage. The orc closely misses you.
You hit the orc but do no damage. Lightning courses through the orc!
You kill the orc!
Kikubaaqudgha accepts your kill.
No target in view!
No target in view!
No target in view!
No target in view!
No target in view!
No target in view!
No target in view!
No target in view!
Your magical contamination has completely faded away.
HP restored.
Magic restored.
Things that are here:
a +0 flail; a +0 ring mail; Health restored: 40; MP restored: 4
There is a stone staircase leading down here.
You climb downwards.
The ball python bites you. The ball python closely misses you.
The orc closely misses you. The ball python barely misses you.
The ball python grabs you. The ball python constricts you.
There is a stone staircase leading up here.
You take 2 damage, and have 38/40 hp.
You escape the ball python's grasp.
The orc hits you with a +1 short sword of electrocution.
The orc wizard casts a spell at you.
You are confused.
In your confused state, you trip and fall back down the stairs.
The ball python closely misses you. x2
The orc hits you with a +1 short sword of electrocution.
You take 8 damage, and have 30/40 hp.
You are too confused!
You are too confused!
You are too confused!
You are too confused!
You are too confused!
You are too confused!
The ball python closely misses you. The ball python grabs you.
You stop ascending the stairs.
The ball python constricts you. The orc barely misses you.
The ball python bites you but does no damage.
The ball python constricts you.
The ball python's grasp on you weakens, but your attempt to escape fails.
The orc barely misses you.
The ball python bites you but does no damage.
The ball python constricts you.
You take 1 damage, and have 29/40 hp.
You escape the ball python's grasp.
The orc wizard casts a spell at you. You resist with some effort.
The orc hits you with a +1 short sword of electrocution.
The ball python closely misses you. x2
You climb upwards.
There is a stone staircase leading down here.
You take 2 damage, and have 27/40 hp.
You can't go up here!
You can't go up here!
You can't go up here!
You are too confused!
You are too confused!
You are too confused!
You are too confused!
You are too confused!
You are too confused!
You bump into the rock wall.
The orc hits you but does no damage.
You are electrocuted!!
* * * LOW HITPOINT WARNING * * *
The ball python bites you but does no damage.
The ball python grabs you. The ball python constricts you.
You take 18 damage, and have 9/40 hp.
MASSIVE DAMAGE!!
You bump into the rock wall.
You feel less confused.
The orc hits you with a +1 short sword of electrocution.
* * * LOW HITPOINT WARNING * * *
You are electrocuted!
You die...
Kikubaaqudgha rasps: "You have failed me!
Welcome... death!"

.#.#####.........#
#.........#
.#.....#......#..#
#.........#
######.#......#..#
########### #.#......#..#
###### #.#......##(###....#
####
#)#########.##...#.#######
...# #.# #.#....#.#.....#
...# #.#
####o#......#.###.# ...#
#.# #..S@#..#####.###.#
#..# #.#
###.####............#
.#.###.# #...#
#.######.##### .......#
##.######.##...#.# ...#####
#...#..........#.# ....#
#...#.##.###.###.# ....#
#...#.##.#.#.###.#
....######...#....#...#...#
.#......<#...#.######.#.###


You could see an orc and a ball python.

Vanquished Creatures
  Jessica (D:2)
  Natasha (D:2)
  An adder (D:2)
  A dart slug (D:2)
  An orc (D:2)
  An endoplasm (D:2)
  A giant cockroach (D:1)
  2 hobgoblins (D:2)
  3 jackals (D:1)
  4 kobolds
  2 frilled lizards (D:2)
  4 goblins
  2 rats (D:1)
24 creatures vanquished.

Notes
Turn   | Place    | Note
-------+----------+-------------------------------------------
     0 | D:1      | SkeletonJelly the Draconian Monk began the quest for the
                  | Orb.
     0 | D:1      | Reached XP level 1. HP: 19/19 MP: 1/1
   380 | D:1      | Found a faded altar of an unknown god.
   403 | D:1      | Prayed at the altar of an unknown god.
   403 | D:1      | Became a worshipper of Kikubaaqudgha
   403 | D:1      | Reached * piety under Kikubaaqudgha
   403 | D:1      | Received a gift from Kikubaaqudgha
   403 | D:1      | Reached ** piety under Kikubaaqudgha
   439 | D:1      | Reached XP level 2. HP: 25/26 MP: 2/2
   441 | D:1      | Learned a level 1 spell: Pain
   672 | D:2      | Noticed Natasha
   681 | D:2      | Killed Natasha
   682 | D:2      | Reached XP level 3. HP: 25/33 MP: 3/3
   937 | D:2      | Noticed Jessica
   938 | D:2      | Found Plog's Armour Shoppe.
   942 | D:2      | Killed Jessica
   943 | D:2      | Reached XP level 4. HP: 35/40 MP: 4/4
  1132 | D:2      | Reached *** piety under Kikubaaqudgha
  1132 | D:2      | Received a gift from Kikubaaqudgha
  1484 | D:2      | Slain by an orc

Illustrated notes

Levels and vault maps discovered:
D:1:      lightli_arrival_boilingwater, layout_rooms,
          hellmonk_ecumenical_altar_run_dry
D:2:      layout_basic, serial_shops, nicolae_shop_advertising_works
          [nicolae_subvault_shop_adworks], uniq_natasha, uniq_jessica
D:3:      cheibrodos_helix_gallery, layout_rooms,
          mainiacjoe_overflow_six_doors_small

Skill      XL: |  1  2  3 |
---------------+----------+-----
Maces & Flails | 2 3 |  3.2
Fighting       | |  3.6
Long Blades    | |  3.3
Dodging        | |  2.6
Stealth        | |  1.7
Necromancy     | |  0.3

Action                   |  1- 3 |  4- 6 || total
-------------------------+-------+-------++-------
Melee: Falchion          |    30 |       ||    30
       Tailslap          |     6 |     4 ||    10
       Whip              |    25 |    29 ||    54
 Cast: Pain              |       |     1 ||     1
 Stab: Sleeping          |     3 |       ||     3
Armor: Skin              |    22 |     9 ||    31
Dodge: Dodged            |    42 |    28 ||    70

Table legend: (Time is in decaauts)
 A = Elapsed time spent in this place.
 B = Non-inter-level travel time spent in this place.
 C = Inter-level travel time spent in this place.
 D = Time resting spent in this place.
 E = Time spent auto-exploring this place.
 F = Levels seen in this place.
 G = Mean time per level.
                   A        B        C        D        E       F      G
               +--------+--------+--------+--------+--------+-----+--------+
         Total |   1492 |   1475 |     17 |      0 |   1260 |   3 |  497.3 |
       Dungeon |   1492 |   1475 |     17 |      0 |   1260 |   3 |  497.3 |
               +--------+--------+--------+--------+--------+-----+--------+

Top non-repeatable levels by time:
     D:2: 799 daAuts
     D:1: 679 daAuts
     D:3: 13 daAuts
